 Dungeon Crawl Stone Soup version 0.28.0 (webtiles) character file.

Game seed: 3581036215858548989

161 crazypyro the Cudgeller (level 5, -1/55 HPs)
             Began as an Ogre Berserker on Feb 10, 2022.
             Was a Believer of Trog.
             Succumbed to an adder's poison
             ... on level 4 of the Dungeon.
             The game lasted 00:03:05 (3445 turns).

crazypyro the Cudgeller (Ogre Berserker)            Turns: 3445, Time: 00:03:06

Health: -1/55      AC:  3    Str: 20 (23) XL:     5   Next: 42%
Magic:  5/5        EV:  9    Int:  6 (8)  God:    Trog [**....]
Gold:   119        SH:  0    Dex:  5 (8)  Spells: 4/4 levels left

rFire   . . .      SeeInvis .   g - +0 flail
rCold   . . .      Faith    .   (no shield)
rNeg    . . .      Spirit   .   b - +0 animal skin
rPois   .          Reflect  .   (helmet restricted)
rElec   .          Harm     .   (no cloak)
rCorr   .          Rampage  .   (gloves unavailable)
Will    .....                   (boots unavailable)
Stlth   +.........              (no amulet)
HPRegen 0.18/turn               (no ring)
MPRegen 0.09/turn               (no ring)

@: lethally poisoned (-1 -> -4), on berserk cooldown, hasted and slowed
A: large, unfitting armour, tough skin 1
a: Renounce Religion, Berserk, Trog's Hand


You were on level 4 of the Dungeon.
You worshipped Trog.
Trog was pleased with you.
You visited 1 branch of the dungeon, and saw 4 of its levels.

You collected 119 gold pieces.

Inventory:

Hand Weapons
 a - a +0 mace
 g - a +0 flail (weapon)
Armour
 b - a +0 animal skin (worn)
Wands
 k - a wand of charming (4)
Scrolls
 c - a scroll of blinking {unknown}
 d - 4 scrolls of identify {unknown}
 h - a scroll of vulnerability {unknown}
 j - a scroll of fog {unknown}
 l - a scroll of teleportation {unknown}
Potions
 i - 2 potions of flight {unknown}


   Skills:
 - Level 4.4 Fighting
 * Level 5.1 Maces & Flails
 - Level 3.0 Dodging


You had 4 spell levels left.
You didn't know any spells.
Your spell library was empty.

Dungeon Overview and Level Annotations

Branches:
Dungeon (4/15)
 Temple: D:4-7

Altars:
Cheibriados

Shops:
D:1 ?   D:3 [


Innate Abilities, Weirdness & Mutations

You are too large for most types of armour.
You have tough skin. (AC +1)


Message History

The adder bites you but does no damage.
Your skin crawls.
You feel strong-willed.
You feel the effects of Trog's Hand fading.
You feel sick. The adder completely misses you.
A red film seems to cover your vision as you go berserk!
You feel yourself moving faster!
You feel mighty!
You feel sick. The adder barely misses you.
The adder bites you but does no damage.
You miss the adder.
The adder is heavily wounded.
You feel sick. The adder bites you.
* * * LOW HITPOINT WARNING * * *
You are more poisoned.
The adder poisons you!
You bludgeon the adder!!
You feel the power of Trog in you as your rage grows.
You kill the adder!
Trog accepts your kill.
You feel sick.
You feel sick.
You see here an adder corpse.
You feel a strong urge to attack something.
You feel sick.
You feel sick.
You feel your anger nearly subside.
You feel sick.
Calm down first, please.
You are no longer berserk.
You are exhausted.
You feel yourself slow down.
Your skin stops crawling.
You feel less strong-willed.
* * * LOW HITPOINT WARNING * * *
You feel sick.
It was a potion of degeneration.
There was something very wrong with that liquid.
You feel weakened.
You feel dopey.
You feel clumsy.
* * * LOW HITPOINT WARNING * * *
You feel sick.
It was a potion of haste.
You feel yourself speed up.
You die...

## ... ..##.##
..##.## .......
.#...##.......
..... ....... #
... ....... #. #.#
......>
#..##.###.......
#...@...<.......
#....##..†.?...###
#### ##########


There were no monsters in sight!

Vanquished Creatures
  4 gnolls (D:2)
  4 adders
  3 worms
  A dart slug (D:2)
  7 ball pythons
  6 endoplasms
  A giant cockroach (D:1)
  13 goblins
  5 hobgoblins
  4 jackals (D:1)
  2 quokkas (D:2)
  6 bats
  3 frilled lizards
  7 kobolds
  6 rats
72 creatures vanquished.

Notes
Turn   | Place    | Note
-------+----------+-------------------------------------------
     0 | D:1      | crazypyro the Ogre Berserker began the quest for the Orb.
     0 | D:1      | Reached XP level 1. HP: 24/24 MP: 1/1
    95 | D:1      | Reached XP level 2. HP: 18/32 MP: 2/2
   287 | D:1      | Reached skill level 3 in Maces & Flails
   787 | D:1      | Reached XP level 3. HP: 40/40 MP: 3/3
   880 | D:1      | Found Aneocw's Magic Scroll Boutique.
   889 | D:1      | Reached ** piety under Trog
  1004 | D:1      | Found a faded altar of an unknown god.
  1539 | D:2      | Reached XP level 4. HP: 31/49 MP: 4/4
  1594 | D:2      | Reached skill level 4 in Maces & Flails
  1872 | D:2      | HP: 3/73 [goblin (3)]
  2364 | D:2      | Reached XP level 5. HP: 25/55 MP: 5/5
  3094 | D:3      | Found Alyraote's Antique Armour Emporium.
  3103 | D:3      | Reached skill level 5 in Maces & Flails
  3252 | D:3      | Found a snail-covered altar of Cheibriados.
  3438 | D:4      | HP: 4/82 [poisoned by an adder]
  3443 | D:4      | HP: 1/55 [poisoned by an adder]
  3445 | D:4      | Succumbed to an adder's poison

Illustrated notes

Levels and vault maps discovered:
D:1:      dpeg_arrival_leaves_temple_mockup, layout_basic,
          basic_ecumenical_altar, serial_shops, shop
D:2:      layout_loops_ring, minmay_mini_jars
D:3:      layout_loops_cross, cheibrodos_worm_habitat, serial_shops, shop,
          minivault_5
D:4:      kennysheep_six_static_rooms, layout_loops_ring, lemuel_doored_altar,
          minmay_temple_entry_glass, ebering_ghost_rock_garden,
          portal_sewer_entry_e, uniq_sigmund

Skill      XL: |  1  2  3  4  5 |
---------------+----------------+-----
Maces & Flails | 3 4 5 |  5.1
Dodging        | 3 |  3.0
Fighting       | |  4.4

Action                   |  1- 3 |  4- 6 || total
-------------------------+-------+-------++-------
Melee: Mace              |    88 |       ||    88
       Punch             |     1 |     1 ||     2
       Flail             |    13 |   121 ||   134
Invok: Trog's Hand       |       |     3 ||     3
       Berserk           |       |     2 ||     2
  Use: Potion            |       |     2 ||     2
Armor: Animal skin       |    43 |    45 ||    88
Dodge: Dodged            |    79 |    94 ||   173
